MWL (24 & UNDER)
BARRY'S BAY ORIOLES @ CINCINNATI PRIDE
06/02/2023
 
TOP OF THE 1ST
Barry's Bay Orioles batting - Pitching for Cincinnati Pride : RHP José Gómez
Pitching: RHP José Gómez
Batting: RHB Thomas Christopher 0-0: Ball
1-0: Ground out 1-3 (Groundball, 15S)
Batting: RHB Yaichiro Sugahara 0-0: Ground out 5-3 (Groundball, 5)
Batting: LHB Joaquín González 0-0: Called Strike
0-1: Ball
1-1: Called Strike
1-2: Ball
2-2: Fly out, F2 (Popup, 2LF)
Top of the 1st over - 0 run(s), 0 hit(s), 0 error(s), 0 left on base; Barry's Bay 0 - Cincinnati 0
BOTTOM OF THE 1ST
Cincinnati Pride batting - Pitching for Barry's Bay Orioles : RHP Juan Gutiérrez
Pitching: RHP Juan Gutiérrez
Batting: SHB Nick Marshall 0-0: Ball
1-0: Fly out, F9 (Flyball, 9M)
Batting: LHB Ricardo Brandariz 0-0: Ball
1-0: Foul Ball, location: 2F
1-1: Fly out, F8 (Flyball, 89M)
Batting: RHB Fernando Díaz 0-0: Ball
1-0: Swinging Strike
1-1: Hit by Pitch
Batting: LHB Robin Hill 0-0: Called Strike
0-1: Ball
1-1: Ground out 4-3 (Groundball, 4)
Bottom of the 1st over - 0 run(s), 0 hit(s), 0 error(s), 1 left on base; Barry's Bay 0 - Cincinnati 0
TOP OF THE 2ND
Barry's Bay Orioles batting - Pitching for Cincinnati Pride : RHP José Gómez
Batting: RHB Paul Spencer 0-0: Ground out 1-3 (Groundball, 15S)
Batting: LHB Javier Orozco 0-0: Ball
1-0: Foul Ball, location: 2F
1-1: Hit by Pitch
Batting: RHB Enrico Ramos 0-0: Called Strike
0-1: Called Strike
0-2: Foul Ball, location: 2F
0-2: Foul Ball, location: 2F
0-2: Ball
1-2: Ball
2-2: Ball
3-2: Grounds into double play, 3-6-1 (Groundball, 3)
Top of the 2nd over - 0 run(s), 0 hit(s), 0 error(s), 0 left on base; Barry's Bay 0 - Cincinnati 0
BOTTOM OF THE 2ND
Cincinnati Pride batting - Pitching for Barry's Bay Orioles : RHP Juan Gutiérrez
Batting: RHB Francisco Rincón 0-0: Called Strike
0-1: Ball
1-1: Swinging Strike
1-2: Strikes out swinging
Batting: RHB Peter Sexton 0-0: Ball
1-0: Called Strike
1-1: Ball
2-1: Fly out, F4 (Line Drive, 4M)
Batting: RHB Leonardo Pinto 0-0: Called Strike
0-1: Foul Ball, location: 2F
0-2: Ground out 1-3 (Groundball, 13)
Bottom of the 2nd over - 0 run(s), 0 hit(s), 0 error(s), 0 left on base; Barry's Bay 0 - Cincinnati 0
TOP OF THE 3RD
Barry's Bay Orioles batting - Pitching for Cincinnati Pride : RHP José Gómez
Batting: RHB Curt Wagner 0-0: Called Strike
0-1: Called Strike
0-2: Strikes out swinging
Batting: RHB Jeff Stevenson 0-0: Called Strike
0-1: Swinging Strike
0-2: Ball
1-2: Ball
2-2: Ball
3-2: Ground out 5-3 (Groundball, 5L)
Batting: RHB Pedro Molina 0-0: Called Strike
0-1: Ball
1-1: Ball
2-1: Called Strike
2-2: Strikes out looking
Top of the 3rd over - 0 run(s), 0 hit(s), 0 error(s), 0 left on base; Barry's Bay 0 - Cincinnati 0
BOTTOM OF THE 3RD
Cincinnati Pride batting - Pitching for Barry's Bay Orioles : RHP Juan Gutiérrez
Batting: RHB Alden Isenhood 0-0: Ball
1-0: Fly out, F9 (Flyball, 89M)
Batting: RHB Carl Byrd 0-0: SINGLE (Line Drive, 6M)
Batting: SHB Nick Marshall 0-0: Ball
1-0: Foul Ball, location: 2F
1-1: Ball
2-1: Ball
3-1: Base on Balls
Carl Byrd to second
Batting: LHB Ricardo Brandariz 0-0: Fly out, F7 (Line Drive, 78M)
Batting: RHB Fernando Díaz 0-0: Swinging Strike
0-1: Ball
1-1: Foul Ball, location: 2F
1-2: Foul Ball, location: 2F
1-2: Ball
2-2: Strikes out swinging
Bottom of the 3rd over - 0 run(s), 1 hit(s), 0 error(s), 2 left on base; Barry's Bay 0 - Cincinnati 0
TOP OF THE 4TH
Barry's Bay Orioles batting - Pitching for Cincinnati Pride : RHP José Gómez
Batting: RHB Thomas Christopher 0-0: Ball
1-0: Swinging Strike
1-1: Ball
2-1: Hit by Pitch
Batting: RHB Yaichiro Sugahara 0-0: Ball
1-0: Ball
2-0: Called Strike
2-1: Called Strike
2-2: Fly out, F9 (Flyball, 9LM)
Batting: LHB Joaquín González 0-0: Called Strike
0-1: Fly out, F9 (Flyball, 9M)
Batting: RHB Paul Spencer 0-0: Called Strike
0-1: Called Strike
0-2: Ball
1-2: Strikes out swinging
Top of the 4th over - 0 run(s), 0 hit(s), 0 error(s), 1 left on base; Barry's Bay 0 - Cincinnati 0
BOTTOM OF THE 4TH
Cincinnati Pride batting - Pitching for Barry's Bay Orioles : RHP Juan Gutiérrez
Batting: LHB Robin Hill 0-0: Ball
1-0: Foul Ball, location: 2F
1-1: Called Strike
1-2: Foul Ball, location: 2F
1-2: Strikes out swinging
Batting: RHB Francisco Rincón 0-0: Called Strike
0-1: Swinging Strike
0-2: Ball
1-2: Foul Ball, location: 2F
1-2: Ball
2-2: Ball
3-2: Base on Balls
Batting: RHB Peter Sexton 0-0: Foul Ball, location: 2F
0-1: Swinging Strike
0-2: Ball
1-2: Ball
2-2: Strikes out looking
Batting: RHB Leonardo Pinto 0-0: Foul Ball, location: 2F
0-1: Ball
1-1: Ground out 6-3 (Groundball, 6)
Bottom of the 4th over - 0 run(s), 0 hit(s), 0 error(s), 1 left on base; Barry's Bay 0 - Cincinnati 0
TOP OF THE 5TH
Barry's Bay Orioles batting - Pitching for Cincinnati Pride : RHP José Gómez
Batting: LHB Javier Orozco 0-0: Called Strike
0-1: Called Strike
0-2: Foul Ball, location: 2F
0-2: Strikes out looking
Batting: RHB Enrico Ramos 0-0: Called Strike
0-1: Ball
1-1: Ball
2-1: Fly out, F9 (Flyball, 9M)
Batting: RHB Curt Wagner 0-0: Fly out, F8 (Flyball, 8LM)
Top of the 5th over - 0 run(s), 0 hit(s), 0 error(s), 0 left on base; Barry's Bay 0 - Cincinnati 0
BOTTOM OF THE 5TH
Cincinnati Pride batting - Pitching for Barry's Bay Orioles : RHP Juan Gutiérrez
Batting: RHB Alden Isenhood 0-0: Ball
1-0: Called Strike
1-1: DOUBLE (Line Drive, 9LM)
Batting: RHB Carl Byrd 0-0: Ball
1-0: Called Strike
1-1: Fly out, F6 (Popup, 15)
Batting: SHB Nick Marshall 0-0: Ball
1-0: Foul Ball, location: 2F
1-1: Called Strike
1-2: Foul Ball, location: 2F
1-2: Strikes out looking
Batting: LHB Ricardo Brandariz 0-0: Ball
1-0: Ball
2-0: Called Strike
2-1: Ground out U3 (Groundball, 3L)
Bottom of the 5th over - 0 run(s), 1 hit(s), 0 error(s), 1 left on base; Barry's Bay 0 - Cincinnati 0
TOP OF THE 6TH
Barry's Bay Orioles batting - Pitching for Cincinnati Pride : RHP José Gómez
Batting: RHB Jeff Stevenson 0-0: Ball
1-0: Ball
2-0: Ball
3-0: Called Strike
3-1: Base on Balls
Batting: RHB Pedro Molina 0-0: Ball
1-0: Called Strike
1-1: Swinging Strike
1-2: Strikes out swinging
Batting: RHB Thomas Christopher 0-0: Ball
1-0: Called Strike
1-1: Swinging Strike
1-2: Ball
2-2: Strikes out swinging
Batting: RHB Yaichiro Sugahara 0-0: Called Strike
0-1: Swinging Strike
0-2: Foul Ball, location: 2F
0-2: Ball
1-2: Ball
2-2: Foul Ball, location: 2F
2-2: Ball
3-2: Strikes out swinging
Top of the 6th over - 0 run(s), 0 hit(s), 0 error(s), 1 left on base; Barry's Bay 0 - Cincinnati 0
BOTTOM OF THE 6TH
Cincinnati Pride batting - Pitching for Barry's Bay Orioles : RHP Juan Gutiérrez
Batting: RHB Fernando Díaz 0-0: Foul Ball, location: 2F
0-1: Ball
1-1: SINGLE (Line Drive, 78S)
Batting: LHB Robin Hill 0-0: Called Strike
0-1: Fly out, F6 (Popup, 6MD)
Batting: RHB Francisco Rincón 0-0: SINGLE (Groundball, 56D)
Fernando Díaz to second
Batting: RHB Peter Sexton 0-0: Ball
1-0: Ball
2-0: Foul Ball, location: 2F
2-1: Swinging Strike
2-2: Grounds into double play, U4-3 (Groundball, 4M)
Bottom of the 6th over - 0 run(s), 2 hit(s), 0 error(s), 1 left on base; Barry's Bay 0 - Cincinnati 0
TOP OF THE 7TH
Barry's Bay Orioles batting - Pitching for Cincinnati Pride : RHP José Gómez
Batting: LHB Joaquín González 0-0: Ball
1-0: Ball
2-0: Foul Ball, location: 2F
2-1: Foul Ball, location: 2F
2-2: Ground out 4-3 (Groundball, 4)
Batting: RHB Paul Spencer 0-0: Ball
1-0: Fly out, F9 (Flyball, 89M)
Batting: LHB Javier Orozco 0-0: Ball
1-0: Ball
2-0: Foul Ball, location: 2F
2-1: Foul Ball, location: 2F
2-2: Ground out 4-3 (Groundball, 4)
Top of the 7th over - 0 run(s), 0 hit(s), 0 error(s), 0 left on base; Barry's Bay 0 - Cincinnati 0
BOTTOM OF THE 7TH
Cincinnati Pride batting - Pitching for Barry's Bay Orioles : RHP Juan Gutiérrez
Batting: RHB Leonardo Pinto 0-0: Ball
1-0: Swinging Strike
1-1: SOLO HOME RUN (Flyball, 78XD), Distance : 437 ft
Pitching: RHP Luis Pérez
Batting: RHB Alden Isenhood 0-0: Called Strike
0-1: Ball
1-1: Fly out, F9 (Flyball, 9LM)
Batting: RHB Carl Byrd 0-0: Fly out, F8 (Line Drive, 8RM)
Batting: SHB Nick Marshall 0-0: Ground out 4-3 (Groundball, 4)
Bottom of the 7th over - 1 run(s), 1 hit(s), 0 error(s), 0 left on base; Barry's Bay 0 - Cincinnati 1
TOP OF THE 8TH
Barry's Bay Orioles batting - Pitching for Cincinnati Pride : RHP José Gómez
Batting: RHB Enrico Ramos 0-0: Ball
1-0: Called Strike
1-1: Ball
2-1: Fly out, F9 (Flyball, 9M)
Batting: RHB Curt Wagner 0-0: Ball
1-0: Foul Ball, location: 2F
1-1: Ball
2-1: Fly out, F8 (Flyball, 8RM)
Batting: RHB Jeff Stevenson 0-0: Ball
1-0: Ball
2-0: Ground out 5-3 (Groundball, 5L)
Top of the 8th over - 0 run(s), 0 hit(s), 0 error(s), 0 left on base; Barry's Bay 0 - Cincinnati 1
BOTTOM OF THE 8TH
Cincinnati Pride batting - Pitching for Barry's Bay Orioles : RHP Luis Pérez
Batting: LHB Ricardo Brandariz 0-0: Ball
1-0: Ball
2-0: Called Strike
2-1: Ground out 4-3 (Groundball, 4)
Batting: RHB Fernando Díaz 0-0: Ball
1-0: Ball
2-0: Foul Ball, location: 2F
2-1: Called Strike
2-2: Strikes out swinging
Batting: LHB Robin Hill 0-0: Called Strike
0-1: Called Strike
0-2: Foul Ball, location: 2F
0-2: Ball
1-2: Ball
2-2: Ball
3-2: SINGLE (Line Drive, 8LS)
Batting: RHB Francisco Rincón 0-0: Ball
1-0: SINGLE (Groundball, 3D) (infield hit)
Robin Hill to second
Pinch Hitting: RHB Jonas Uttley 0-0: Foul Ball, location: 2F
0-1: Fly out, F7 (Line Drive, 7M)
Bottom of the 8th over - 0 run(s), 2 hit(s), 0 error(s), 2 left on base; Barry's Bay 0 - Cincinnati 1
TOP OF THE 9TH
Barry's Bay Orioles batting - Pitching for Cincinnati Pride : RHP José Gómez
Now at SS: Geoffrey Joyner
Pinch Hitting: LHB Poto Vasilini 0-0: Called Strike
0-1: Ball
1-1: Swinging Strike
1-2: Strikes out swinging
Batting: RHB Thomas Christopher 0-0: Ball
1-0: Foul Ball, location: 2F
1-1: Swinging Strike
1-2: Strikes out swinging
Batting: RHB Yaichiro Sugahara 0-0: Called Strike
0-1: Foul Ball, location: 2F
0-2: Ball
1-2: Ball
2-2: Strikes out looking
Top of the 9th over - 0 run(s), 0 hit(s), 0 error(s), 0 left on base; Barry's Bay 0 - Cincinnati 1
This league is powered by Out of the Park Baseball, the baseball management simulation game for PC, Mac and Linux
Wednesday, December 2nd, 2015 - OOTP Baseball 16.8 Build 38